 Dungeon Crawl Stone Soup version 0.32-a0-163-g159c032296 (webtiles) character file.

Game seed: 7688083694506301357

132910 cforsyth the Slayer (level 17, -4/146 HPs)
             Began as a Djinni Hexslinger on Feb 11, 2024.
             Was an Elder of Lugonu.
             Shot with an arrow by Vashnia (13 damage)
             ... on level 2 of the Snake Pit.
             The game lasted 01:28:45 (26449 turns).

cforsyth the Slayer (Djinni Hexslinger)            Turns: 26449, Time: 01:28:46

Health: -4/146     AC: 13    Str:  9    XL:     17   Next: 71%
Gold:   1851       EV: 12    Int: 31    God:    Lugonu [****..] SH:  5 Dex: 21

rFire   + + .        a - +7 mace "Nitutwil" {flame, Str+2 Int+2}
rCold   . . .        (no shield)
rNeg    + + .        y - +2 leather armour {rC+}
rPois   ∞            M - +1 helmet
rElec   .            u - +1 cloak
rCorr   .            O - -1 pair of gloves of Oblivion {rN+ Regen+ Int+6 Dex+2}
SInv    .            (boots unavailable)
Will    +....        e - amulet of the Duke {Reflect Dex+3 SH+5}
Stlth   ++           T - +4 ring of protection
HPRegen 1.24/turn    N - ring of positive energy
MPRegen 0.00/turn

%: reflection, infuse magic (-5 HP)
@: flying
A: sickness immunity, fire resistance 2, cold vulnerability 1, float, innate
caster, HP casting, extra vitality 1
a: Renounce Religion, Depart the Abyss, Banish, Corrupt


You were on level 2 of the Snake Pit.
You worshipped Lugonu.
Lugonu was greatly pleased with you.
You visited 4 branches of the dungeon, and saw 24 of its levels.
You visited the Abyss 1 time.
You also visited: Ossuary, Bailey and Ice Cave.

You collected 2558 gold pieces.
You spent 707 gold pieces at shops.


Innate Abilities, Weirdness & Mutations

You are immune to sickness and miasma.
You are immune to poison.
Your flesh is very heat resistant. (rF++)
You are vulnerable to cold. (rC-)
You float through the air rather than walking.
You learn spells naturally, not from books.
Your magical power is your life essence.
You have superior vitality. (+4 MHP)


   Skills:
 + Level 21.5 Fighting
 - Level 1.5 Ranged Weapons
 - Level 2.1 Dodging
 + Level 16.8 Spellcasting
 + Level 16.8 Conjurations
 + Level 16.8 Hexes
 + Level 16.8 Summonings
 + Level 16.8 Necromancy
 + Level 16.8 Translocations
 + Level 16.8 Fire Magic
 + Level 16.8 Ice Magic
 + Level 16.8 Air Magic
 + Level 16.8 Earth Magic
 + Level 16.8 Alchemy


You knew the following spells:

 Your Spells              Type           Power      Damage    Failure   Level
a - Momentum Strike       Conj/Tloc      100%       3d10      0%          2
b - Anguish               Hex/Necr       46%        N/A       1%          4
c - Cause Fear            Hex            46%        N/A       1%          4
d - Summon Cactus Giant   Summ           46%        N/A       1%          6
e - Ensorcelled Hibernat  Hex/Ice        100%       N/A       0%          2
f - Inner Flame           Hex/Fire       92%        N/A       0%          3
l - Lee's Rapid Deconstr  Erth           46%        3d22*     1%          5
m - Mephitic Cloud        Conj/Alch/Air  92%        N/A       0%          3
n - Orb of Destruction    Conj           46%        9d12      1%          7
z - Shock                 Conj/Air       100%       1d9       0%          1
X - Jinxbite              Hex            100%       N/A       0%          2
Y - Sigil of Binding      Hex            92%        N/A       0%          3
Z - Dimensional Bullseye  Hex/Tloc       46%        N/A       1%          4
Your spell library was empty.

Inventory:

Hand Weapons
 a - the +7 mace "Nitutwil" (weapon) {flame, Str+2 Int+2}
   (You found it on level 12 of the Dungeon)

   Str+2:     It affects your strength (+2).
   Int+2:     It affects your intelligence (+2).
Missiles
 Y - 2 throwing nets {=f}
Armour
 u - a +1 cloak (worn)
 y - a +2 leather armour of cold resistance (worn)
 D - the +2 robe of the Sun {rF+ rC+ Str-4 Int+3}
   (You found it in an ice cave)

   Str-4:     It affects your strength (-4).
   Int+3:     It affects your intelligence (+3).
   rF+:       It protects you from fire.
   rC+:       It protects you from cold.
 F - the +2 leather armour "Wenwig" {rC+ Str+2 Slay-4}
   (You bought it in a shop on level 2 of the Orcish Mines)

   Str+2:     It affects your strength (+2).
   Slay-4:    It affects your accuracy & damage with ranged weapons and melee
   (-4).
   rC+:       It protects you from cold.
 G - the +2 hat "Hauvof" {Int+7 Dex-5}
   (You found it on level 9 of the Dungeon)

   Int+7:     It affects your intelligence (+7).
   Dex-5:     It affects your dexterity (-5).
 M - a +1 helmet (worn)
 O - the -1 pair of gloves of Oblivion (worn) {rN+ Regen+ Int+6 Dex+2}
   (You found it in a bailey)

   Int+6:     It affects your intelligence (+6).
   Dex+2:     It affects your dexterity (+2).
   rN+:       It protects you from negative energy.
   Regen+:    It increases your rate of health regeneration.
Jewellery
 e - the amulet of the Duke (around neck) {Reflect Dex+3 SH+5}
   (You found it on level 2 of the Snake Pit)

   [amulet of reflection]

   Reflect:   It reflects blocked missile attacks.
   Dex+3:     It affects your dexterity (+3).
   SH+5:      It affects your SH (+5).
 k - an amulet of regeneration
 n - a ring of positive energy
 t - the ring "Becsogh" {rC+++ Will- Str+7 Dex-4 SInv}
   (You found it on level 5 of the Lair of Beasts)

   [ring of see invisible]

   Str+7:     It affects your strength (+7).
   Dex-4:     It affects your dexterity (-4).
   rC+++:     It renders you almost immune to cold.
   Will-:     It decreases your willpower.
   SInv:      It lets you see invisible.
 E - a +5 ring of evasion
 I - a +6 ring of intelligence
 N - a ring of positive energy (right hand)
 T - a +4 ring of protection (left hand)
 V - the ring "Wewela" {Ice Will+}
   (You found it in an ice cave)

   [ring of ice]

   Ice:       It enhances your ice magic.
   rF-:       It makes you vulnerable to fire.
   rC+:       It protects you from cold.
   Will+:     It increases your willpower.
Wands
 q - a wand of polymorph (24)
 x - a wand of flame (54)
 B - a wand of roots (29)
 C - a wand of charming (19)
 J - a wand of mindburst (3)
 R - a wand of acid (8)
 U - a wand of digging (3)
Scrolls
 b - 6 scrolls of poison
 c - 6 scrolls of amnesia {unknown}
 d - 6 scrolls of immolation
 g - 4 scrolls of vulnerability {unknown}
 l - 2 scrolls of enchant armour
 p - a scroll of blinking
 s - 3 scrolls of brand weapon {unknown}
 z - 2 scrolls of fog
 A - 3 scrolls of fear
 H - a scroll of revelation
 K - a scroll of noise {unknown}
 P - 2 scrolls of enchant weapon {unknown}
 X - 2 scrolls of torment
 Z - 4 scrolls of teleportation {@r2}
Potions
 f - 6 potions of ambrosia
 h - 3 potions of might
 i - a potion of cancellation {unknown}
 j - 2 potions of invisibility
 m - 2 potions of mutation
 o - 6 potions of brilliance
 r - 3 potions of heal wounds {@q2}
 v - 12 potions of curing {@q1}
 w - a potion of lignification {unknown}
 L - 3 potions of enlightenment
 Q - 3 potions of haste {@q3}
 S - 6 potions of attraction
Miscellaneous
 W - a tin of tremorstones (2/2)

Dungeon Overview and Level Annotations

Branches:
Dungeon (15/15)            Temple (0/1) D:7            Lair (5/5) D:9
 Shoals (0/4) Lair:2        Snake (2/4) Lair:2        Slime (0/5) Lair:5
    Orc (2/2) D:12            Elf (0/3) Orc:2        Vaults (0/5) D:14
 Depths (0/4) D:15        Ossuary (visited)          Bailey (visited)
  IceCv (visited)

Altars:
Cheibriados
Fedhas
Gozag
Hepliaklqana
Makhleb
Nemelex Xobeh
Okawaru
Ru
Uskayaw
Yredelemnul

Shops:
D:7 *   D:13 *   Orc:2 ![*:   Snake:1 *

Portals:
Trove: D:11 (give 7 potions of haste)

Annotations:
D:10 2 transporters, 1 runed translucent door, jamsaran's ghost, novice DgFE
Snake:2 Vashnia

#...........###.......##
#............###.......##
..###.........###.......##
## ##........########...#
...........# ###...#
...........## ##....##
....#......######....##
##.####....###......##
##..# ##..###.@...###
##...# #..##.....##
##....# #...##..###
.....#####...##..#
.....##......##.)######
.............##.=.....#
........).....#.#####.##
...†....N.....N<# #..##
...............## ##..#


You could see Vashnia (inner flame).


Message History

Aiming: Lee's Rapid Deconstruction (safe; 1% risk of failure)
Press: ? - help, Dir - move target A rock wall.
The wall shatters!
The blast of rock fragments hits Vashnia!
Flame seeps out of Vashnia.
Vashnia is heavily wounded.
* * * LOW HITPOINT WARNING * * *
Vashnia is engulfed in blazing flames.
Flame seeps out of Vashnia.
Vashnia shoots an arrow.
The arrow hits you.
* * * LOW HITPOINT WARNING * * *
The arrow freezes you.
* * * LOW HITPOINT WARNING * * *
Unknown command.
Casting: Lee's Rapid Deconstruction (safe; 1% risk of failure)
Confirm with . or Enter, or press ? or * to list all spells.
Aiming: Lee's Rapid Deconstruction (safe; 1% risk of failure)
Press: ? - help, Dir - move target A rock wall.
The wall shatters!
The blast of rock fragments hits Vashnia!!
Flame seeps out of Vashnia.
Vashnia is severely wounded.
* * * LOW HITPOINT WARNING * * *
Vashnia is engulfed in blazing flames.
Flame seeps out of Vashnia.
Vashnia shoots an arrow.
The arrow hits you!!!
* * * LOW HITPOINT WARNING * * *
The arrow freezes you!
You die...
Vashnia says, "Headshot."

Skill      XL: |  1  2  3  4  5  6  7  8  9 10 11 12 13 14 15 16 17 |
---------------+----------------------------------------------------+-----
Spellcasting   | 3 4 5 6 7 8 10 11 12 14 15 16 | 16.8
Conjurations   | 3 4 5 6 7 8 10 11 12 14 15 16 | 16.8
Hexes          | 3 4 5 6 7 8 10 11 12 14 15 16 | 16.8
Summonings     | 3 4 5 6 7 8 10 11 12 14 15 16 | 16.8
Necromancy     | 3 4 5 6 7 8 10 11 12 14 15 16 | 16.8
Translocations | 3 4 5 6 7 8 10 11 12 14 15 16 | 16.8
Fire Magic     | 3 4 5 6 7 8 10 11 12 14 15 16 | 16.8
Ice Magic      | 3 4 5 6 7 8 10 11 12 14 15 16 | 16.8
Air Magic      | 3 4 5 6 7 8 10 11 12 14 15 16 | 16.8
Earth Magic    | 3 4 5 6 7 8 10 11 12 14 15 16 | 16.8
Alchemy        | 3 4 5 6 7 8 10 11 12 14 15 16 | 16.8
Fighting       | 2 3 5 7 9 11 13 14 16 17 19 20 21 | 21.5
Ranged Weapons | |  1.5
Dodging        | |  2.1

Action                     |  1- 3 |  4- 6 |  7- 9 | 10-12 | 13-15 | 16-18 || total
---------------------------+-------+-------+-------+-------+-------+-------++-------
  Melee: Unarmed           |       |     3 |       |       |       |       ||     3
         Mace              |       |       |       |       |     2 |     5 ||     7
         Punch             |       |       |       |       |     1 |       ||     1
   Fire: Sling             |    64 |       |       |       |       |       ||    64
   Cast: Shock             |    24 |    71 |   126 |   395 |   314 |    96 ||  1026
         Inner Flame       |     1 |    19 |    64 |   145 |   249 |   190 ||   668
         Cause Fear        |       |     1 |       |       |     1 |       ||     2
         Mephitic Cloud    |       |       |       |    14 |     1 |     3 ||    18
         Jinxbite          |       |       |       |     3 |     2 |       ||     5
         Lee's Rapid Decon |       |       |       |       |   218 |   256 ||   474
         Summon Cactus Gia |       |       |       |       |     7 |    27 ||    34
 Invoke: Depart the Abyss  |       |       |       |       |       |     1 ||     1
  Evoke: Wand              |       |       |       |       |     3 |     1 ||     4
    Use: Scroll            |       |       |    10 |     7 |     8 |     4 ||    29
         Potion            |       |       |       |     1 |     1 |     3 ||     5
 Armour: Robe              |    25 |    40 |    56 |    12 |       |       ||   133
         Leather armour    |       |       |       |   147 |   293 |   235 ||   675
  Dodge: Dodged            |    35 |     9 |    28 |    64 |   150 |    68 ||   354
  Block: Other             |       |       |       |       |       |     1 ||     1
         Reflection        |       |       |       |       |       |     1 ||     1

Levels and vault maps discovered:
D:1:      sevenhm_arrival_forest_fort_large_2, layout_basic
D:2:      layout_loops_ring, uniq_jessica
D:3:      layout_rooms, mainiacjoe_overflow_six_doors_small,
          mainiacjoe_overflow_alcove_4, ebering_ecumenical_altar_rust,
          uniq_terence
D:4:      layout_cave_pools, nicolae_ru_the_path_less_chosen,
          minmay_crystal_room, minmay_misc_feat_iff, st_stairs_2, uniq_menkaure,
          uniq_duvessa, uniq_ijyb, uniq_pikel, uniq_grinder
D:5:      layout_loops_cross, lemuel_tele_altar, enter_ossuary_4
D:6:      layout_basic, uniq_sigmund
D:7:      layout_loops_ring, mainiacjoe_overflow_surrounded_room,
          overflow_temple_1_default, mainiacjoe_overflow_large_starburst,
          temple_green, serial_shops, shop, enter_bailey_5
D:8:      layout_cave_pools, mainiacjoe_overflow_catwalk,
          general_overflow_altar, minmay_hedge_maze
D:9:      gammafunk_indiana_jones, layout_loops_ring, lair_entry_dummy
D:10:     layout_gridville, dk_yredelemnul_ordeal, gammafunk_ghost_stat_death,
          uniq_snorg
D:11:     layout_rooms, enter_trove_6, serial_library_hellmonk_room_c,
          nrook_guardian_serpent_double
D:12:     layout_basic, orc_david_3, evilmike_minifort
D:13:     layout_basic, serial_shops, nicolae_shop_peninsula,
          nicolae_benzene_ring, nicolae_gozag_cash_rules_everything_around_me
D:14:     layout_rooms, david_vaults_4, hangedman_abyss_or_decor_lesser_grid,
          uniq_jorgrun
D:15:     gammafunk_enter_depths_forms, layout_basic, minmay_misc_feat_rugged
Lair:1:   layout_cave_pods
Lair:2:   hellmonk_destroyed_diamonds, layout_loops_ring,
          minmay_shoals_entry_lonely_mermaid,
          minmay_snake_entry_guardpost_small, uniq_fannar
Lair:3:   layout_chaotic_city, beast_lair_carwin_8
Lair:4:   layout_gridlike, serial_bayou, serial_bayou_pond_e,
          serial_bayou_pond_c, serial_bayou_lake_a, serial_bayou_pond_e,
          chequers_serial_rivers_large_a, hangedman_lair_generics_rect
Lair:5:   grunt_lair_end_beastmaster, layout_regular_city, slime_entry_2,
          pdpol_lair_neglected_garden, serial_bayou_shore_b, grunt_megastairs_4
Snake:1:  nicolae_snakescales, layout_basic, serial_curves, eino_curves_04,
          eino_curves_01, eino_curves_02, eino_curves_01,
          nicolae_wooded_promenade, uniq_kirke
Snake:2:  layout_onion, library_closet, eino_curves_01, uniq_louise,
          uniq_vashnia
Orc:1:    layout_diamond_mine, portal_ice_cave_entry_pillars_1, mines4_lemuel
Orc:2:    st_orc_mages, layout_caves, basic_altar

Notes
Turn   | Place    | Note
-------+----------+-------------------------------------------
     0 | D:1      | cforsyth the Djinni Hexslinger began the quest for the Orb.
     0 | D:1      | cforsyth set off with the following spells memorised:
                  | Jinxbite, Sigil of Binding, Inner Flame, Cause Fear,
                  | Dimensional Bullseye.
     0 | D:1      | Reached XP level 1. HP: 17/17 MP: 0/0
    86 | D:1      | Reached XP level 2. HP: 22/22 MP: 0/0
   217 | D:1      | Reached skill level 3 in Spellcasting
   217 | D:1      | Reached skill level 3 in Conjurations
   217 | D:1      | Reached skill level 3 in Hexes
   217 | D:1      | Reached skill level 3 in Summonings
   217 | D:1      | Reached skill level 3 in Necromancy
   217 | D:1      | Reached skill level 3 in Translocations
   217 | D:1      | Reached skill level 3 in Fire Magic
   217 | D:1      | Reached skill level 3 in Ice Magic
   217 | D:1      | Reached skill level 3 in Air Magic
   217 | D:1      | Reached skill level 3 in Earth Magic
   217 | D:1      | Reached skill level 3 in Alchemy
   397 | D:1      | Reached skill level 2 in Fighting
   397 | D:1      | Reached XP level 3. HP: 28/28 MP: 0/0
   397 | D:1      | Learned a level 1 spell: Shock
  1001 | D:2      | Noticed Jessica
  1006 | D:2      | Killed Jessica
  1007 | D:2      | Reached XP level 4. HP: 33/34 MP: 0/0
  1015 | D:2      | Identified the +6 hand axe "Coptid" {freeze, rF- Str-4
                  | Int+7}
  1274 | D:3      | Found a burning altar of Makhleb.
  1384 | D:3      | Reached skill level 3 in Fighting
  1409 | D:3      | Reached XP level 5. HP: 38/40 MP: 0/0
  1409 | D:3      | Learned a level 2 spell: Momentum Strike
  1535 | D:3      | Noticed Terence
  1540 | D:3      | Killed Terence
  1673 | D:3      | Found a faded altar of an unknown god.
  1769 | D:3      | Found an opulent altar of Gozag.
  1818 | D:4      | Noticed Dowan
  1825 | D:4      | Killed Dowan
  1826 | D:4      | Reached skill level 4 in Spellcasting
  1826 | D:4      | Reached skill level 4 in Conjurations
  1826 | D:4      | Reached skill level 4 in Hexes
  1826 | D:4      | Reached skill level 4 in Summonings
  1826 | D:4      | Reached skill level 4 in Necromancy
  1826 | D:4      | Reached skill level 4 in Translocations
  1826 | D:4      | Reached skill level 4 in Fire Magic
  1826 | D:4      | Reached skill level 4 in Ice Magic
  1826 | D:4      | Reached skill level 4 in Air Magic
  1826 | D:4      | Reached skill level 4 in Earth Magic
  1826 | D:4      | Reached skill level 4 in Alchemy
  1826 | D:4      | Reached XP level 6. HP: 45/47 MP: 0/0
  1831 | D:4      | Noticed Duvessa
  1875 | D:4      | Noticed Ijyb
  1880 | D:3      | Killed Ijyb
  1881 | D:3      | Reached skill level 4 in Fighting
  1896 | D:4      | Noticed Grinder
  1897 | D:4      | Paralysed by Grinder for 5 turns
  2210 | D:4      | Killed Grinder
  2211 | D:4      | Reached skill level 5 in Fighting
  2211 | D:4      | Reached XP level 7. HP: 46/54 MP: 0/0
  2211 | D:4      | Learned a level 2 spell: Ensorcelled Hibernation
  2416 | D:4      | Killed Duvessa
  2417 | D:4      | Reached skill level 5 in Spellcasting
  2417 | D:4      | Reached skill level 5 in Conjurations
  2417 | D:4      | Reached skill level 5 in Hexes
  2417 | D:4      | Reached skill level 5 in Summonings
  2417 | D:4      | Reached skill level 5 in Necromancy
  2417 | D:4      | Reached skill level 5 in Translocations
  2417 | D:4      | Reached skill level 5 in Fire Magic
  2417 | D:4      | Reached skill level 5 in Ice Magic
  2417 | D:4      | Reached skill level 5 in Air Magic
  2417 | D:4      | Reached skill level 5 in Earth Magic
  2417 | D:4      | Reached skill level 5 in Alchemy
  2524 | D:4      | Reached XP level 8. HP: 44/61 MP: 0/0
  2638 | D:4      | Reached skill level 6 in Fighting
  2789 | D:4      | Noticed Pikel
  2804 | D:4      | Killed Pikel
  2805 | D:4      | Reached skill level 7 in Fighting
  2820 | D:4      | Reached skill level 6 in Spellcasting
  2820 | D:4      | Reached skill level 6 in Conjurations
  2820 | D:4      | Reached skill level 6 in Hexes
  2820 | D:4      | Reached skill level 6 in Summonings
  2820 | D:4      | Reached skill level 6 in Necromancy
  2820 | D:4      | Reached skill level 6 in Translocations
  2820 | D:4      | Reached skill level 6 in Fire Magic
  2820 | D:4      | Reached skill level 6 in Ice Magic
  2820 | D:4      | Reached skill level 6 in Air Magic
  2820 | D:4      | Reached skill level 6 in Earth Magic
  2820 | D:4      | Reached skill level 6 in Alchemy
  2919 | D:4      | Noticed Menkaure
  2925 | D:4      | Killed Menkaure
  2926 | D:4      | Reached XP level 9. HP: 37/68 MP: 0/0
  2926 | D:4      | Learned a level 3 spell: Mephitic Cloud
  3017 | D:4      | Found a sacrificial altar of Ru.
  3097 | D:5      | Entered Level 5 of the Dungeon
  3192 | D:5      | Found a sand-covered staircase.
  3251 | Ossuary  | Entered an ossuary
  3451 | Ossuary  | Reached skill level 8 in Fighting
  3948 | D:5      | Reached skill level 7 in Spellcasting
  3948 | D:5      | Reached skill level 7 in Conjurations
  3948 | D:5      | Reached skill level 7 in Hexes
  3948 | D:5      | Reached skill level 7 in Summonings
  3948 | D:5      | Reached skill level 7 in Necromancy
  3948 | D:5      | Reached skill level 7 in Translocations
  3948 | D:5      | Reached skill level 7 in Fire Magic
  3948 | D:5      | Reached skill level 7 in Ice Magic
  3948 | D:5      | Reached skill level 7 in Air Magic
  3948 | D:5      | Reached skill level 7 in Earth Magic
  3948 | D:5      | Reached skill level 7 in Alchemy
  4135 | D:5      | Identified the flux talisman of the Sacrificial Victim
                  | {rPois Dex-4 Stlth+}
  4294 | D:5      | Found a blossoming altar of Fedhas.
  4387 | D:6      | Noticed Sigmund
  4389 | D:6      | Reached skill level 9 in Fighting
  4391 | D:6      | Killed Sigmund
  4394 | D:6      | Noticed a troll
  4399 | D:6      | Killed a troll
  4400 | D:6      | Reached XP level 10. HP: 72/78 MP: 0/0
  5156 | D:6      | Reached skill level 10 in Fighting
  5459 | D:7      | Reached skill level 8 in Spellcasting
  5459 | D:7      | Reached skill level 8 in Conjurations
  5459 | D:7      | Reached skill level 8 in Hexes
  5459 | D:7      | Reached skill level 8 in Summonings
  5459 | D:7      | Reached skill level 8 in Necromancy
  5459 | D:7      | Reached skill level 8 in Translocations
  5459 | D:7      | Reached skill level 8 in Fire Magic
  5459 | D:7      | Reached skill level 8 in Ice Magic
  5459 | D:7      | Reached skill level 8 in Air Magic
  5459 | D:7      | Reached skill level 8 in Earth Magic
  5459 | D:7      | Reached skill level 8 in Alchemy
  5519 | D:7      | Found a flagged portal.
  5547 | Bailey   | Entered a bailey
  5578 | Bailey   | Identified a +0 crystal plate armour
  5623 | Bailey   | Noticed an orc knight
  5639 | Bailey   | Killed an orc knight
  5776 | Bailey   | Noticed a deep elf zephyrmancer
  5778 | Bailey   | Found a large runed translucent door.
  5778 | Bailey   | Found a large runed translucent door.
  5872 | Bailey   | Killed a deep elf zephyrmancer
  5942 | Bailey   | Identified the -1 pair of gloves of Oblivion {rN+ Regen+
                  | Int+6 Dex+2}
  6082 | D:7      | Reached skill level 11 in Fighting
  6186 | D:7      | Found a hide-covered altar of Uskayaw.
  6226 | D:7      | Found an iron altar of Okawaru.
  6251 | D:7      | Reached XP level 11. HP: 79/87 MP: 0/0
  6251 | D:7      | Learned a level 4 spell: Anguish
  6309 | D:7      | Found a sparkling altar of Nemelex Xobeh.
  6321 | D:7      | Found a hazy altar of Hepliaklqana.
  6342 | D:7      | Reached skill level 9 in Spellcasting
  6342 | D:7      | Reached skill level 9 in Conjurations
  6342 | D:7      | Reached skill level 9 in Hexes
  6342 | D:7      | Reached skill level 9 in Summonings
  6342 | D:7      | Reached skill level 9 in Necromancy
  6342 | D:7      | Reached skill level 9 in Translocations
  6342 | D:7      | Reached skill level 9 in Fire Magic
  6342 | D:7      | Reached skill level 9 in Ice Magic
  6342 | D:7      | Reached skill level 9 in Air Magic
  6342 | D:7      | Reached skill level 9 in Earth Magic
  6342 | D:7      | Reached skill level 9 in Alchemy
  6440 | D:7      | Found Soeloasaro's Assorted Antiques.
  6468 | D:7      | Bought a steaming brass amulet for 110 gold pieces
  6468 | D:7      | Identified the amulet "Uzxeenn" {Acrobat Dex+2} (You bought
                  | it in a shop on level 7 of the Dungeon)
  6589 | D:7      | Found a staircase to the Ecumenical Temple.
  6936 | D:8      | Found a snail-covered altar of Cheibriados.
  6958 | D:8      | Reached skill level 12 in Fighting
  7702 | D:9      | Found a runed translucent door.
  7845 | D:9      | Found a staircase to the Lair.
  7924 | D:9      | Noticed a two-headed ogre
  7930 | D:9      | Killed a two-headed ogre
  8362 | D:10     | Entered Level 10 of the Dungeon
  8393 | D:10     | Reached skill level 10 in Spellcasting
  8393 | D:10     | Reached skill level 10 in Conjurations
  8393 | D:10     | Reached skill level 10 in Hexes
  8393 | D:10     | Reached skill level 10 in Summonings
  8393 | D:10     | Reached skill level 10 in Necromancy
  8393 | D:10     | Reached skill level 10 in Translocations
  8393 | D:10     | Reached skill level 10 in Fire Magic
  8393 | D:10     | Reached skill level 10 in Ice Magic
  8393 | D:10     | Reached skill level 10 in Air Magic
  8393 | D:10     | Reached skill level 10 in Earth Magic
  8393 | D:10     | Reached skill level 10 in Alchemy
  8529 | D:10     | Found a transporter.
  8686 | D:10     | Found a runed translucent door.
  8690 | D:10     | Found a basalt altar of Yredelemnul.
  8727 | D:10     | Noticed Snorg
  8735 | D:10     | Killed Snorg
  8736 | D:10     | Reached skill level 13 in Fighting
  8861 | D:10     | Reached XP level 12. HP: 98/98 MP: 0/0
  8920 | D:10     | Found a transporter.
  8921 | D:10     | Noticed jamsaran's ghost (novice DgFE)
  9372 | D:11     | Identified the +9 short sword "Remmou" {drain, Dex+2}
  9457 | D:11     | Noticed a boulder beetle
  9603 | D:11     | Noticed a two-headed ogre
  9607 | D:11     | Killed a two-headed ogre
  9712 | D:11     | Noticed a boulder beetle
  9736 | D:11     | Killed a boulder beetle
  9816 | D:11     | Killed a boulder beetle
  9937 | D:11     | Reached skill level 11 in Spellcasting
  9937 | D:11     | Reached skill level 11 in Conjurations
  9937 | D:11     | Reached skill level 11 in Hexes
  9937 | D:11     | Reached skill level 11 in Summonings
  9937 | D:11     | Reached skill level 11 in Necromancy
  9937 | D:11     | Reached skill level 11 in Translocations
  9937 | D:11     | Reached skill level 11 in Fire Magic
  9937 | D:11     | Reached skill level 11 in Ice Magic
  9937 | D:11     | Reached skill level 11 in Air Magic
  9937 | D:11     | Reached skill level 11 in Earth Magic
  9937 | D:11     | Reached skill level 11 in Alchemy
  9986 | D:11     | Found a portal to a secret trove of treasure.
 10152 | D:12     | Identified the +7 mace "Nitutwil" {flame, Str+2 Int+2}
 10184 | D:12     | Reached skill level 14 in Fighting
 10188 | D:12     | Noticed a boulder beetle
 10214 | D:12     | Killed a boulder beetle
 10559 | D:12     | Found a staircase to the Orcish Mines.
 10929 | D:12     | Noticed a boulder beetle
 11085 | D:12     | Reached XP level 13. HP: 106/106 MP: 0/0
 11085 | D:12     | Learned a level 5 spell: Lee's Rapid Deconstruction
 11093 | D:12     | Noticed a centaur warrior
 11101 | D:12     | Killed a centaur warrior
 11211 | D:12     | Reached skill level 15 in Fighting
 11598 | D:13     | Noticed an eight-headed hydra
 11602 | D:13     | Killed an eight-headed hydra
 11603 | D:13     | Reached skill level 12 in Spellcasting
 11603 | D:13     | Reached skill level 12 in Conjurations
 11603 | D:13     | Reached skill level 12 in Hexes
 11603 | D:13     | Reached skill level 12 in Summonings
 11603 | D:13     | Reached skill level 12 in Necromancy
 11603 | D:13     | Reached skill level 12 in Translocations
 11603 | D:13     | Reached skill level 12 in Fire Magic
 11603 | D:13     | Reached skill level 12 in Ice Magic
 11603 | D:13     | Reached skill level 12 in Air Magic
 11603 | D:13     | Reached skill level 12 in Earth Magic
 11603 | D:13     | Reached skill level 12 in Alchemy
 12221 | D:13     | Found Ywket's Assorted Antiques.
 12441 | D:13     | Found an opulent altar of Gozag.
 13062 | Lair:1   | Entered Level 1 of the Lair of Beasts
 13561 | Lair:1   | Reached skill level 16 in Fighting
 14042 | Lair:2   | Noticed Fannar
 14098 | Lair:2   | Killed Fannar
 14201 | Lair:2   | Reached XP level 14. HP: 111/117 MP: 0/0
 14237 | Lair:2   | Found a staircase to the Snake Pit.
 14512 | Lair:2   | Reached skill level 13 in Spellcasting
 14512 | Lair:2   | Reached skill level 13 in Conjurations
 14512 | Lair:2   | Reached skill level 13 in Hexes
 14512 | Lair:2   | Reached skill level 13 in Summonings
 14512 | Lair:2   | Reached skill level 13 in Necromancy
 14512 | Lair:2   | Reached skill level 13 in Translocations
 14512 | Lair:2   | Reached skill level 13 in Fire Magic
 14512 | Lair:2   | Reached skill level 13 in Ice Magic
 14512 | Lair:2   | Reached skill level 13 in Air Magic
 14512 | Lair:2   | Reached skill level 13 in Earth Magic
 14512 | Lair:2   | Reached skill level 13 in Alchemy
 14551 | Lair:2   | Found a staircase to the Shoals.
 15272 | Lair:3   | Reached skill level 17 in Fighting
 17181 | Lair:4   | Identified the +0 chain mail of the Ladybird {Regen+ Int+2
                  | Slay-2 Stlth+}
 17543 | Lair:4   | Reached skill level 14 in Spellcasting
 17543 | Lair:4   | Reached skill level 14 in Conjurations
 17543 | Lair:4   | Reached skill level 14 in Hexes
 17543 | Lair:4   | Reached skill level 14 in Summonings
 17543 | Lair:4   | Reached skill level 14 in Necromancy
 17543 | Lair:4   | Reached skill level 14 in Translocations
 17543 | Lair:4   | Reached skill level 14 in Fire Magic
 17543 | Lair:4   | Reached skill level 14 in Ice Magic
 17543 | Lair:4   | Reached skill level 14 in Air Magic
 17543 | Lair:4   | Reached skill level 14 in Earth Magic
 17543 | Lair:4   | Reached skill level 14 in Alchemy
 17543 | Lair:4   | Reached XP level 15. HP: 108/126 MP: 0/0
 17543 | Lair:4   | Learned a level 6 spell: Summon Cactus Giant
 17547 | Lair:4   | Reached skill level 18 in Fighting
 18001 | Lair:5   | Entered Level 5 of the Lair of Beasts
 18760 | Lair:5   | Found a staircase to the Slime Pits.
 18821 | Lair:5   | Reached skill level 19 in Fighting
 19248 | Lair:5   | Identified the ring "Becsogh" {rC+++ Will- Str+7 Dex-4
                  | SInv}
 19255 | Lair:5   | Identified the ring "Kochona" {Fly Dex+3}
 19565 | Orc:1    | Entered Level 1 of the Orcish Mines
 19659 | Orc:1    | Reached skill level 15 in Spellcasting
 19659 | Orc:1    | Reached skill level 15 in Conjurations
 19659 | Orc:1    | Reached skill level 15 in Hexes
 19659 | Orc:1    | Reached skill level 15 in Summonings
 19659 | Orc:1    | Reached skill level 15 in Necromancy
 19659 | Orc:1    | Reached skill level 15 in Translocations
 19659 | Orc:1    | Reached skill level 15 in Fire Magic
 19659 | Orc:1    | Reached skill level 15 in Ice Magic
 19659 | Orc:1    | Reached skill level 15 in Air Magic
 19659 | Orc:1    | Reached skill level 15 in Earth Magic
 19659 | Orc:1    | Reached skill level 15 in Alchemy
 19732 | Orc:1    | Found a frozen archway.
 19740 | IceCv    | Entered an ice cave
 19752 | IceCv    | Noticed a quicksilver ooze
 19754 | IceCv    | Killed a quicksilver ooze
 19757 | IceCv    | Reached XP level 16. HP: 123/135 MP: 0/0
 20130 | IceCv    | Noticed an azure jelly
 20135 | IceCv    | Noticed an azure jelly
 20137 | IceCv    | Killed an azure jelly
 20141 | IceCv    | Killed an azure jelly
 20284 | IceCv    | Found a viscous altar of Jiyva.
 20300 | IceCv    | Got the ring "Wewela" {Ice Will+}
 20304 | IceCv    | Identified the +2 robe of the Sun {rF+ rC+ Str-4 Int+3}
 20774 | Orc:2    | Entered Level 2 of the Orcish Mines
 20776 | Orc:2    | Found a staircase to the Elven Halls.
 21542 | Orc:2    | Found Diwal's Book Shoppe.
 21543 | Orc:2    | Found Gelose's Armour Emporium.
 21544 | Orc:2    | Found Baudew's Distillery.
 21566 | Orc:2    | Found Ofoiw's Assorted Antiques.
 21575 | Orc:2    | Bought a faintly humming leather armour for 210 gold pieces
 21575 | Orc:2    | Identified the +2 leather armour "Wenwig" {rC+ Str+2
                  | Slay-4} (You bought it in a shop on level 2 of the Orcish
                  | Mines)
 21578 | Orc:2    | Bought a potion of haste for 150 gold pieces
 21578 | Orc:2    | Bought a potion of heal wounds for 75 gold pieces
 21578 | Orc:2    | Bought a potion of mutation for 120 gold pieces
 22072 | D:14     | Reached skill level 20 in Fighting
 22246 | D:14     | Identified a +2 robe of resistance
 22246 | D:14     | Noticed Jorgrun
 22268 | D:14     | Killed Jorgrun
 22268 | D:14     | HP: 12/137 [spore (7)]
 22557 | D:14     | Found a gate to the Vaults.
 22735 | D:9      | Identified the +2 hat "Hauvof" {Int+7 Dex-5}
 22743 | D:9      | Found a runed translucent gate.
 22743 | D:9      | Found a runed translucent gate.
 22743 | D:9      | Found a runed translucent gate.
 22743 | D:9      | Found a runed translucent gate.
 22743 | D:9      | Found a runed translucent gate.
 22744 | D:9      | Found a runed translucent gate.
 23192 | D:15     | Entered Level 15 of the Dungeon
 23700 | D:15     | You are cast into the Abyss!
 23700 | Abyss:2  | Cast into level 2 of the Abyss (an occultist)
 23702 | Abyss:2  | Found a corrupted altar of Lugonu.
 23710 | Abyss:2  | Became a worshipper of Lugonu the Unformed
 23710 | Abyss:2  | Reached * piety under Lugonu
 23710 | Abyss:2  | Reached ** piety under Lugonu
 23711 | D:15     | You pass through the gate.
 23711 | D:15     | Escaped the Abyss
 23715 | D:15     | Reached skill level 16 in Spellcasting
 23715 | D:15     | Reached skill level 16 in Conjurations
 23715 | D:15     | Reached skill level 16 in Hexes
 23715 | D:15     | Reached skill level 16 in Summonings
 23715 | D:15     | Reached skill level 16 in Necromancy
 23715 | D:15     | Reached skill level 16 in Translocations
 23715 | D:15     | Reached skill level 16 in Fire Magic
 23715 | D:15     | Reached skill level 16 in Ice Magic
 23715 | D:15     | Reached skill level 16 in Air Magic
 23715 | D:15     | Reached skill level 16 in Earth Magic
 23715 | D:15     | Reached skill level 16 in Alchemy
 23915 | D:15     | Reached XP level 17. HP: 79/145 MP: 0/0
 23915 | D:15     | Learned a level 7 spell: Orb of Destruction
 23988 | D:15     | Found a staircase to the Depths.
 24484 | Snake:1  | Entered Level 1 of the Snake Pit
 24646 | Snake:1  | HP: 13/145 [naga sharpshooter/bolt (15)]
 24646 | Snake:1  | HP: 4/145 [black mamba (9)]
 24656 | Snake:1  | Found Oluiciq's General Store.
 24742 | Snake:1  | Bought a scroll of teleportation for 42 gold pieces
 24878 | Snake:1  | Reached *** piety under Lugonu
 24907 | Snake:1  | Reached skill level 21 in Fighting
 24934 | Snake:1  | HP: 9/146 [naga/+0 long sword (19)]
 25376 | Snake:1  | Noticed Kirke
 25380 | Snake:1  | Killed Kirke
 26137 | Snake:2  | Identified the amulet of the Duke {Reflect Dex+3 SH+5}
 26223 | Snake:2  | Noticed Louise
 26232 | Snake:2  | Killed Louise
 26242 | Snake:2  | Noticed Vashnia
 26263 | Snake:2  | Reached **** piety under Lugonu
 26449 | Snake:2  | HP: 9/146 [Vashnia/arrow (47)]
 26449 | Snake:2  | Shot with an arrow by Vashnia

Vanquished Creatures
  Jorgrun (D:14)
  Kirke (Snake:1)
  2 azure jellies (IceCv)
  Louise (Snake:2)
  A quicksilver ooze (IceCv)
  Snorg (D:10)
  A great orb of eyes (D:15)
  Fannar (Lair:2)
  3 rakshasas
  4 catoblepae
  3 hydras
  6 boulder beetles
  A deep troll shaman (Lair:5)
  A centaur warrior (D:12)
  A death knight (D:14)
  3 two-headed ogres
  8 death yaks
  7 naga sharpshooters
  6 naga warriors
  An occultist (D:15)
  3 orc high priests
  2 shock serpents (Snake:1)
  A skeletal warrior (D:12)
  2 naga ritualists (Snake:1)
  A mana viper (Snake:1)
  2 arcanists (D:14)
  A deep elf zephyrmancer (Bailey)
  An orc knight (Bailey)
  A lindwurm (Lair:5)
  Pikel (D:4)
  4 manticores
  3 salamanders
  5 orc sorcerers
  14 ugly things
  A cyclops (D:12)
  21 elephants
  2 kobold blastminers (Orc:1)
  11 black mambas
  A merfolk siren (Lair:2)
  3 guardian serpents
  5 naga magi
  2 ice statues (IceCv)
  A torpor snail (Lair:4)
  3 gargoyles
  16 cane toads
  5 rime drakes
  5 komodo dragons
  3 yaktaurs (D:15)
  A freezing wraith (D:15)
  A polar bear (shapeshifter) (D:13)
  7 polar bears
  10 trolls
  Grinder (D:4)
  22 dream sheep
  26 blink frogs
  35 slime creatures
  3 jumping spiders (D:9)
  Sigmund (D:6)
  3 shadows
  A spriggan (shapeshifter) (D:15)
  2 wyverns
  49 yaks
  4 basilisks
  A hog (Snake:1)
  4 wraiths
  A steam dragon (D:6)
  A redback (D:9)
  3 wargs
  A human (Snake:1)
  Menkaure (D:4)
  7 vampire mosquitoes
  A swamp worm (shapeshifter) (D:15)
  2 great orb of eyes simulacra (IceCv)
  21 nagas
  16 water moccasins
  Duvessa (D:4)
  An acid dragon (D:14)
  27 orc warriors
  4 ogres
  A black bear (D:6)
  5 ice beasts
  4 centaurs
  24 wolves
  3 lemures (D:4)
  4 slime creature simulacra (IceCv)
  4 kobold brigands
  5 phantoms
  A weeping skull (Ossuary)
  2 elf zombies (Ossuary)
  17 bullfrogs
  A brain worm (shapeshifter) (D:15)
  5 glowing shapeshifter simulacra (IceCv)
  A gnoll sergeant (D:7)
  2 scorpions
  10 wights
  Dowan (D:4)
  2 burial acolytes (Ossuary)
  6 killer bees (D:9)
  4 electric eels
  5 howler monkeys
  2 lava snakes (D:9)
  2 bombardier beetles
  2 centaur zombies (Ossuary)
  5 hounds
  5 jellies
  22 orc priests
  Jessica (D:2)
  2 iguanas (D:4)
  Ijyb (D:3)
  A sleepcap (D:6)
  50 orc wizards
  Terence (D:3)
  2 shapeshifter simulacra (IceCv)
  5 hound zombies (Ossuary)
  2 mummies (Ossuary)
  7 gnolls
  8 adders
  A white imp (D:5)
  2 ufetubi (D:5)
  2 dart slugs
  84 orcs
  4 bats
  8 endoplasms
  4 giant cockroaches
  2 gnoll zombies (Ossuary)
  8 hobgoblins
  2 jackals (D:1)
  22 kobolds
  A quokka (D:2)
  3 ball pythons
  A frilled lizard (D:1)
  13 goblins
  A goblin skeleton (D:10)
  6 orc zombies (Ossuary)
  A quokka zombie (D:5)
  5 rats
  A rat zombie (D:5)
827 creatures vanquished.

Vanquished Creatures (collateral kills)
  A vault guard (D:14)
  2 anacondas (Snake:1)
  A death knight (D:15)
  4 death yaks (Lair:5)
  2 shock serpents (Snake:2)
  A sea snake (Snake:1)
  A lindwurm (D:9)
  A mana viper (Snake:1)
  An orc knight (D:15)
  A guardian serpent (Snake:1)
  4 black mambas (Snake:1)
  A yaktaur (D:15)
  2 nagas (Snake:1)
  2 orc wizards (Orc:1)
  2 orcs (Orc:1)
26 creatures vanquished.

Vanquished Creatures (others)
  A slime creature (IceCv)
  A human (Snake:1)
  An orc priest (Orc:2)
3 creatures vanquished.

Grand Total: 856 creatures vanquished

Table legend: (Time is in decaauts)
 A = Elapsed time spent in this place.
 B = Non-inter-level travel time spent in this place.
 C = Inter-level travel time spent in this place.
 D = Time resting spent in this place.
 E = Time spent auto-exploring this place.
 F = Levels seen in this place.
 G = Mean time per level.
                   A        B        C        D        E       F      G
               +--------+--------+--------+--------+--------+-----+--------+
         Total |  26516 |  25111 |   1405 |   4909 |  14829 |  28 |  947.0 |
       Dungeon |  14866 |  13832 |   1034 |   2385 |   8808 |  15 |  991.1 |
          Lair |   6448 |   6140 |    308 |   1042 |   3807 |   5 | 1289.6 |
     Snake Pit |   1969 |   1965 |      4 |    584 |    941 |   2 |  984.5 |
  Orcish Mines |   1687 |   1630 |     57 |    460 |    734 |   2 |  843.5 |
         Abyss |     10 |     10 |      0 |      0 |      0 |   1 |   10.0 |
       Ossuary |    396 |    396 |      0 |     30 |    264 |   1 |  396.0 |
        Bailey |    425 |    425 |      0 |    163 |    109 |   1 |  425.0 |
      Ice Cave |    711 |    711 |      0 |    245 |    165 |   1 |  711.0 |
               +--------+--------+--------+--------+--------+-----+--------+

Top non-repeatable levels by time:
 Snake:1: 1701 daAuts
     D:9: 1624 daAuts
    D:12: 1489 daAuts
  Lair:2: 1487 daAuts
    D:13: 1472 daAuts
  Lair:4: 1444 daAuts
  Lair:5: 1362 daAuts
    D:10: 1208 daAuts
  Lair:3: 1105 daAuts
     D:6: 1058 daAuts
  Lair:1: 1048 daAuts
     D:4: 1016 daAuts
    D:15: 1011 daAuts
    D:11: 1004 daAuts
   Orc:1: 969 daAuts

Table legend:
 A = Non-vault XP
 B = Vault XP
 C = Vault XP percentage of total XP
 D = Non-vault monster count
 E = Vault monster count
 F = Vault count percentage of total count
                 A         B        C        D         E       F
            +---------+---------+-------+---------+---------+-------
      Total |  118923 |   70949 |  37.4 |     579 |     272 |  32.0
            +---------+---------+-------+---------+---------+-------
        D:1 |      36 |       0 |   0.0 |      21 |       0 |   0.0
        D:2 |      26 |      37 |  58.7 |       9 |       1 |  10.0
        D:3 |     169 |      68 |  28.7 |      22 |       2 |   8.3
        D:4 |     265 |    1402 |  84.1 |      19 |       6 |  24.0
        D:5 |     610 |       2 |   0.3 |      20 |       2 |   9.1
        D:6 |    1189 |     223 |  15.8 |      14 |       1 |   6.7
        D:7 |    1571 |       8 |   0.5 |      32 |       4 |  11.1
        D:8 |    2478 |       0 |   0.0 |      21 |       0 |   0.0
        D:9 |    2332 |    2535 |  52.1 |      24 |       8 |  25.0
       D:10 |    2454 |     960 |  28.1 |      23 |       2 |   8.0
       D:11 |    3090 |    1289 |  29.4 |      13 |       2 |  13.3
       D:12 |    3829 |    6494 |  62.9 |      12 |      21 |  63.6
       D:13 |    4299 |       0 |   0.0 |      17 |       0 |   0.0
       D:14 |    7003 |    3081 |  30.6 |      18 |       3 |  14.3
       D:15 |    9683 |    4712 |  32.7 |      22 |       9 |  29.0
     Lair:1 |    4730 |       0 |   0.0 |      25 |       0 |   0.0
     Lair:2 |    8509 |    2486 |  22.6 |      36 |       6 |  14.3
     Lair:3 |    8948 |    1708 |  16.0 |      24 |       7 |  22.6
     Lair:4 |   10138 |    3387 |  25.0 |      32 |       8 |  20.0
     Lair:5 |   13737 |   13076 |  48.8 |      48 |      34 |  41.5
    Snake:1 |   19575 |    8430 |  30.1 |      44 |      15 |  25.4
    Snake:2 |    5478 |    2791 |  33.8 |      11 |       3 |  21.4
      Orc:1 |    4816 |     771 |  13.8 |      37 |      13 |  26.0
      Orc:2 |    1418 |    6130 |  81.2 |      26 |      60 |  69.8
    Ossuary |       0 |     643 | 100.0 |       0 |      22 | 100.0
     Bailey |       0 |    1733 | 100.0 |       0 |      12 | 100.0
      IceCv |    2540 |    8983 |  78.0 |       9 |      31 |  77.5
            +---------+---------+-------+---------+---------+-------
